 Dungeon Crawl Stone Soup version 0.28.0-53-g5a82cb258f (webtiles) character file.

Game seed: 2782404181174569927

1206 safid the Cleaver (level 8, -4/66 HPs)
             Began as a Hill Orc Fighter on Aug 20, 2022.
             Was a Follower of Okawaru.
             Slain by an ogre
             ... wielding a +0 giant spiked club
              (5 damage)
             ... on level 5 of the Dungeon.
             The game lasted 00:06:26 (5366 turns).

safid the Cleaver (Hill Orc Fighter)                Turns: 5366, Time: 00:06:27

Health: -4/66      AC: 15    Str: 21    XL:     8   Next: 45%
Magic:  8/8        EV:  7    Int:  8    God:    Okawaru [*.....]
Gold:   128        SH:  4    Dex: 10    Spells: 7/7 levels left

rFire   . . .      SeeInvis .   a - +0 war axe
rCold   . . .      Faith    .   c - +0 buckler
rNeg    . . .      Spirit   .   m - +0 chain mail
rPois   .          Reflect  .   (no helmet)
rElec   .          Harm     .   (no cloak)
rCorr   .          Rampage  .   x - +0 pair of gloves
Will    .....                   g - +0 pair of boots
Stlth   ..........              (no amulet)
HPRegen 0.21/turn               r - +4 ring of protection
MPRegen 0.11/turn               s - ring of flight

@: mighty, flying
A: no striking features
a: Renounce Religion, Heroism


You were on level 5 of the Dungeon.
You worshipped Okawaru.
Okawaru was aware of your devotion.
You visited 2 branches of the dungeon, and saw 6 of its levels.

You collected 128 gold pieces.

Inventory:

Hand Weapons
 a - a +0 war axe (weapon)
Missiles
 e - 4 poisoned darts (quivered)
Armour
 c - a +0 buckler (worn)
 g - a +0 pair of boots (worn)
 m - a +0 chain mail (worn)
 x - a +0 pair of gloves (worn)
Jewellery
 r - a +4 ring of protection (left hand)
 s - a ring of flight (right hand)
Wands
 y - a wand of acid (6)
 z - a wand of digging (7)
Scrolls
 b - a scroll of blinking {unknown}
 j - a scroll of vulnerability {unknown}
 k - 4 scrolls of identify {unknown}
 l - 3 scrolls of immolation {unknown}
 w - a scroll of fear {unknown}
 A - a scroll of teleportation {unknown}
Potions
 d - a potion of might
 f - 4 potions of curing
 h - a potion of flight {unknown}
 i - 4 potions of resistance {unknown}
 n - 2 potions of mutation {unknown}
 o - a potion of degeneration {unknown}
 p - a potion of heal wounds {unknown}
 q - a potion of berserk rage {unknown}
 t - 3 potions of brilliance {unknown}
 u - a potion of ambrosia {unknown}
 v - a potion of haste {unknown}


   Skills:
 - Level 4.0 Fighting
 + Level 12.3 Axes
 - Level 4.0 Armour
 - Level 4.0 Shields


You had 7 spell levels left.
You didn't know any spells.
Your spell library contained the following spells:

 Spells                   Type           Power      Damage    Failure   Level
 Ignite Poison            Fire/Tmut/Pois 0%         N/A       100%        3
 Inner Flame              Hex/Fire       0%         N/A       100%        3
 Summon Ice Beast         Ice/Summ       Unusable   N/A       N/A         4

Dungeon Overview and Level Annotations

Branches:
Dungeon (5/15)             Temple (1/1) D:4

Altars:
Ashenzari
Cheibriados
Dithmenos
Elyvilon
Fedhas
Gozag
Hepliaklqana
Kikubaaqudgha
Makhleb
Nemelex Xobeh
Okawaru
Qazlal
Ru
Sif Muna
Trog
Uskayaw
Vehumet
Wu Jian
Xom
Zin
The Shining One


Message History

Menkaure is nearby!
Menkaure mumbles some strange words.
Menkaure seems to speed up.
An ogre comes into view. It is wielding a +0 giant spiked club.
Items here: ) [[ †.
The ogre shouts!
You hit Menkaure.
Menkaure is lightly damaged.
You block Menkaure's attack.
You slash Menkaure!
Menkaure is severely damaged.
Menkaure closely misses you.
You barely miss Menkaure.
Menkaure is severely damaged.
Menkaure calls on the powers of darkness!
The ogre convulses!
Your body is wracked with pain!
You slash Menkaure!
You destroy Menkaure!
Okawaru accepts your kill.
Your Axes skill increases to level 12!
You feel very mighty all of a sudden.
You barely miss the ogre.
The ogre is heavily wounded.
The ogre hits you with a +0 giant spiked club.
You barely miss the ogre.
The ogre is heavily wounded.
The ogre hits you with a +0 giant spiked club!
* * * LOW HITPOINT WARNING * * *
Unknown command.
You slash the ogre!
The ogre is severely wounded.
You barely miss the ogre.
The ogre is severely wounded.
The ogre hits you with a +0 giant spiked club!
* * * LOW HITPOINT WARNING * * *
Unknown command.
You closely miss the ogre.
The ogre is severely wounded.
The ogre hits you with a +0 giant spiked club.
You die...

. #. .. #. ...
#..... ####
####..... #..#
#........ #..#
#)##. ###..#
#O##.#####....#
#@##..........#
#.########.##.#
#....#####.##<####
####.#............
#.#............
#####..............
#.......###>.......
#...........##.####
#........###...# #


You could see an ogre.

Vanquished Creatures
  Pikel (D:5)
  Menkaure (D:5)
  A black bear (D:5)
  A centaur (D:5)
  2 scorpions (D:5)
  A jelly (D:4)
  2 hounds
  Natasha (twice) (D:2)
  2 orc wizards (D:4)
  Ijyb (D:4)
  5 adders
  An adder skeleton (D:4)
  A worm (D:3)
  2 dart slugs (D:3)
  9 orcs
  6 ball pythons
  9 bats
  5 endoplasms
  A giant cockroach (D:3)
  8 goblins
  3 hobgoblins
  8 jackals
  4 quokkas
  4 kobolds
  2 rats
82 creatures vanquished.

Notes
Turn   | Place    | Note
-------+----------+-------------------------------------------
     0 | D:1      | safid the Hill Orc Fighter began the quest for the Orb.
     0 | D:1      | Reached XP level 1. HP: 19/19 MP: 1/1
   446 | D:1      | Got Poppigg's Papyrus of the Entourage and the Arsonist
   466 | D:1      | Reached skill level 3 in Axes
   466 | D:1      | Reached XP level 2. HP: 26/27 MP: 2/2
  1068 | D:2      | Reached XP level 3. HP: 30/33 MP: 3/3
  1341 | D:2      | Found a faded altar of an unknown god.
  1559 | D:2      | Noticed Natasha
  1568 | D:2      | Killed Natasha
  1569 | D:2      | Reached skill level 4 in Axes
  1569 | D:2      | Reached XP level 4. HP: 23/40 MP: 4/4
  2087 | D:2      | Noticed Natasha
  2099 | D:2      | Killed Natasha
  2100 | D:2      | Reached skill level 5 in Axes
  2100 | D:2      | Reached XP level 5. HP: 22/46 MP: 5/5
  3163 | D:4      | Reached skill level 6 in Axes
  3453 | D:4      | Noticed Ijyb
  3453 | D:4      | Paralysed by Ijyb for 6 turns
  3473 | D:4      | Killed Ijyb
  3474 | D:4      | Reached XP level 6. HP: 48/52 MP: 6/6
  3601 | D:4      | Reached skill level 7 in Axes
  3871 | D:4      | Found a staircase to the Ecumenical Temple.
  4616 | Temple   | Entered the Ecumenical Temple
  4862 | Temple   | Became a worshipper of Warmaster Okawaru
  4916 | D:5      | Entered Level 5 of the Dungeon
  4930 | D:5      | Reached skill level 8 in Axes
  5041 | D:5      | Reached XP level 7. HP: 46/59 MP: 7/7
  5114 | D:5      | Reached skill level 9 in Axes
  5144 | D:5      | Reached * piety under Okawaru
  5328 | D:5      | Noticed Menkaure
  5328 | D:5      | Noticed Pikel
  5352 | D:5      | Killed Pikel
  5353 | D:5      | Reached skill level 11 in Axes
  5353 | D:5      | Reached XP level 8. HP: 48/66 MP: 8/8
  5358 | D:5      | Killed Menkaure
  5359 | D:5      | Reached skill level 12 in Axes
  5365 | D:5      | HP: 1/66 [ogre/+0 giant spiked club (14)]
  5366 | D:5      | Slain by an ogre

Illustrated notes

Levels and vault maps discovered:
D:1:      dpeg_arrival_circle_labyrinth_b, layout_basic
D:2:      layout_loops_corners, shapermc_ecumenical_altar_ellora, uniq_natasha
D:3:      layout_loops_cross
D:4:      layout_layer_cave, minmay_temple_entry_poolview, serial_rivers,
          chequers_serial_rivers_large_b, chequers_serial_rivers_small_b,
          chequers_serial_rivers_micro_c, chequers_serial_rivers_small_a,
          chequers_serial_rivers_small_3, chequers_serial_rivers_micro_a,
          uniq_ijyb
D:5:      layout_basic, lemuel_mausoleum_altar_yredelemnul, uniq_menkaure,
          uniq_pikel
Temple:   nicolae_temple_the_god_donut

Skill      XL: |  1  2  3  4  5  6  7  8 |
---------------+-------------------------+-----
Axes           | 3 4 5 6 8 11 12 | 12.3
Fighting       | 4 |  4.0
Shields        | 4 |  4.0
Armour         | 4 |  4.0

Action                   |  1- 3 |  4- 6 |  7- 9 || total
-------------------------+-------+-------+-------++-------
Melee: War axe           |   113 |   147 |    49 ||   309
  Use: Potion            |       |       |     1 ||     1
Armor: Scale mail        |    48 |       |       ||    48
       Chain mail        |    35 |   116 |    23 ||   174
Dodge: Dodged            |    70 |    48 |    15 ||   133
Block: Buckler           |    41 |    29 |    10 ||    80
